 Dungeon Crawl Stone Soup version 0.19-a0-1714-gcab94ab (webtiles) character file.

496 Ryco the Firebug (level 6, -7/32 HPs)
             Began as a Deep Elf Fire Elementalist on Sept 28, 2016.
             Killed by nerve-wracking pain
             ... invoked by Grinder
              (14 damage)
             ... on level 5 of the Dungeon.
             The game lasted 00:10:55 (1388 turns).

Ryco the Firebug (Deep Elf Fire Elementalist)       Turns: 1388, Time: 00:10:56

Health: -7/32      AC:  4    Str:  5    XL:     6   Next: 93%
Magic:  0/16       EV: 14    Int: 22    God:
Gold:   127        SH:  0    Dex: 15    Spells: 4 memorised, 2 levels left

rFire  + . .     SeeInvis .     A - +0 short sword
rCold  x . .     Gourm    .     a - +0 robe
rNeg   . . .     Faith    .     (no shield)
rPois  .         Spirit   .     (no helmet)
rElec  .         Dismiss  .     (no cloak)
rCorr  .         Reflect  .     n - +0 pair of gloves
MR     .....     Harm     .     (no boots)
Stlth  ++........               (no amulet)
                                (no ring)
                                u - ring of fire

@: no status effects
A: no striking features
a: no special abilities


You were on level 5 of the Dungeon.
You were not hungry.

You visited 1 branch of the dungeon, and saw 6 of its levels.

You collected 127 gold pieces.

Inventory:

Hand Weapons
 p - a +2 vampiric spear
 A - a +0 short sword (weapon)
Missiles
 l - a throwing net (quivered)
Armour
 a - a +0 robe (worn)
 n - a +0 pair of gloves (worn)
Jewellery
 u - a ring of fire (left hand)
Wands
 v - a wand of iceblast (11/15)
 x - a wand of lightning (0/15)
Scrolls
 d - a scroll of immolation
 e - 2 scrolls of enchant weapon
 i - 3 scrolls of remove curse
 j - a scroll of random uselessness {unknown}
 o - a scroll of teleportation {unknown}
 q - a scroll of enchant armour {unknown}
 r - a scroll of amnesia {unknown}
 y - a scroll of blinking {unknown}
Potions
 g - a potion of flight {unknown}
 k - a potion of brilliance {unknown}
 m - a potion of invisibility
 s - a potion of heal wounds {unknown}
 t - a potion of degeneration {unknown}
 w - a potion of cure mutation {unknown}
Books
 b - a book of Flames

   Spells                             Type                      Level
   a - Flame Tongue                   Conjuration/Fire             1
   b - Throw Flame                    Conjuration/Fire             2
   c - Conjure Flame                  Conjuration/Fire             3
   d - Inner Flame                    Hexes/Fire                   3
   e - Sticky Flame                   Conjuration/Fire             4
   f - Fireball                       Conjuration/Fire             5
Comestibles
 c - 3 bread rations
 h - 2 meat rations
 z - a chunk of flesh


   Skills:
 + Level 0.2 Fighting
 - Level 0.2 Short Blades
 + Level 3.4 Dodging
 - Level 2.4 Stealth
 + Level 5.4 Spellcasting
 * Level 4.3 Conjurations
 + Level 5.7 Fire Magic
 + Level 0.4 Evocations


You had 2 spell levels left.
You knew the following spells:

 Your Spells              Type           Power        Failure   Level  Hunger
a - Flame Tongue          Conj/Fire      #####        1%          1    None
c - Conjure Flame         Conj/Fire      #####...     4%          3    ##.....
f - Fireball              Conj/Fire      #####.....   38%         5    #####..
s - Sticky Flame          Conj/Fire      #####...     14%         4    ####...


Dungeon Overview and Level Annotations

Branches:
Dungeon (6/15)
 Temple: D:4-7

Altars:
Fedhas
Kikubaaqudgha
Uskayaw

Annotations:
D:5 Grinder


Message History

* * * LOW HITPOINT WARNING * * *
Unknown command.
Evoke which item? (* to show all) (? for menu, Esc to quit)
Okay, then.
Unknown command.
Evoke which item? (* to show all) (? for menu, Esc to quit)
Zapping:
v - a wand of iceblast (will waste charges)
Press: ? - help, Shift-Dir - straight line, p - Grinder
Okay, then.
Unknown command.
Grinder burns!
Grinder blinks!
Casting: Flame Tongue
Confirm with . or Enter, or press ? or * to list all spells.
You don't have enough magic to cast that spell.
Unknown command.
Unknown command.
Grinder burns!
Grinder stops burning.
Grinder gestures at you. Pain shoots through your body!
You die...

# #.#.. #.##. #.#
# ......##.#..
##.# #...........#
#..# .. ..##
#..#### #..#
######.....####..#
.................#
#####..5..####.##
######....## #.#
.........@# #.#
#######...# #.#
................#
?.........#######
########..# ...#
.... ##.### .#


You could see Grinder.

Vanquished Creatures
  Sigmund (D:3)
  Blork the orc (D:4)
  A scorpion (D:4)
  A water moccasin skeleton (D:4)
  A centaur skeleton (D:5)
  A bullfrog skeleton (D:5)
  An iguana (D:5)
  A worker ant (D:4)
  2 adders
  A shadow imp (D:5)
  An ooze (D:2)
  An adder zombie (D:4)
  A dart slug (D:1)
  2 leopard geckos (D:4)
  An orc (D:4)
  A ball python (D:2)
  4 giant cockroaches
  6 goblins
  2 hobgoblins
  4 jackals (D:3)
  6 kobolds
  A quokka (D:4)
  8 bats
  A frilled lizard (D:1)
  A rat (D:1)
51 creatures vanquished.

Vanquished Creatures (others)
  A quokka (D:6)
1 creature vanquished.

Grand Total: 52 creatures vanquished

Notes
Turn   | Place    | Note
-------+----------+-------------------------------------------
     0 | D:1      | Ryco the Deep Elf Fire Elementalist began the quest for the Orb.
     0 | D:1      | Reached XP level 1. HP: 10/10 MP: 6/6
   132 | D:2      | Reached XP level 2. HP: 7/15 MP: 0/8
   217 | D:2      | Found a hide-covered altar of Uskayaw.
   283 | D:2      | Noticed a hand axe
   283 | D:2      | Noticed a dagger
   402 | D:1      | Reached XP level 3. HP: 19/19 MP: 7/9
   407 | D:1      | Learned a level 3 spell: Conjure Flame
   577 | D:2      | Found an ancient bone altar of Kikubaaqudgha.
   718 | D:3      | Noticed Sigmund
   766 | D:3      | Killed Sigmund
   766 | D:3      | Reached skill level 5 in Fire Magic
   766 | D:3      | Reached XP level 4. HP: 24/24 MP: 3/12
   766 | D:3      | Reached XP level 5. HP: 28/28 MP: 3/13
   772 | D:3      | Learned a level 4 spell: Sticky Flame
   876 | D:4      | Noticed Blork the orc
   938 | D:4      | Killed Blork the orc
   938 | D:4      | Reached skill level 5 in Spellcasting
   938 | D:4      | Reached XP level 6. HP: 31/32 MP: 5/15
  1086 | D:3      | Learned a level 5 spell: Fireball
  1157 | D:4      | Found a blossoming altar of Fedhas.
  1213 | D:5      | Entered Level 5 of the Dungeon
  1378 | D:5      | Noticed Grinder
  1388 | D:5      | Killed from afar by Grinder

Vault maps used:
D:1:      sevenhm_arrival_forest_fort_small_4
D:2:      dancing_weapons_uskayaw, kiku_gazebo_garden_becter,
          kennysheep_crisscross
D:3:      first_bread, uniq_sigmund
D:4:      marbit_many_paths, tgw_fedhas, lemuel_doored_altar,
          nemelex_lonely_heart_becter, uniq_blork_the_orc, uniq_duvessa
D:5:      serial_park_tiny_pond, uniq_grinder
D:6:      xom_confusion_cloud, slow_altar_2, kennysheep_mini_moat

Skill      XL: |  1  2  3  4  5  6 |
---------------+-------------------+-----
Fire Magic     | 4 5 |  5.7
Dodging        | 3 |  3.4
Spellcasting   | 4 5 |  5.4
Conjurations   | 2 3 4 |  4.3
Fighting       | |  0.2
Short Blades   | |  0.2
Stealth        | |  2.4
Evocations     | |  0.4

Action                   |  1- 3 |  4- 6 || total
-------------------------+-------+-------++-------
Melee: Dagger            |     7 |    10 ||    17
 Cast: Flame Tongue      |    50 |    48 ||    98
       Conjure Flame     |       |     2 ||     2
       Sticky Flame      |       |     5 ||     5
Evoke: Wand              |       |     4 ||     4
  Use: Potion            |     1 |       ||     1
       Scroll            |       |     3 ||     3
  Eat: Chunk             |       |     2 ||     2
Armor: Robe              |     9 |    11 ||    20
Dodge: Dodged            |    19 |    41 ||    60
